TOP OF THE 1ST |
Casper Ghosts batting - Pitching for San Diego Smashers : LHP Nesto Pérez
|
Pitching: LHP Nesto Pérez
|
|
Batting: RHB James Jenkins
|
0-0: Called Strike 0-1: Ball 1-1: Hit by Pitch
|
Batting: RHB Júlio Sánchez
|
0-0: Called Strike 0-1: Ground out 5-3 (Groundball, 5S) James Jenkins to second
|
Batting: SHB Dave Henley
|
0-0: Foul Ball, location: 2F 0-1: Ball James Jenkins steals 3rd base 1-1: SINGLE (Line Drive, 89S) James Jenkins scores
|
Batting: RHB Juan García
|
0-0: Ball 1-0: 2-RUN HOME RUN (Flyball, 8LXD), Distance : 417 ft
|
Batting: SHB José González
|
0-0: Foul Ball, location: 2F 0-1: Called Strike 0-2: Ball 1-2: Foul Ball, location: 2F 1-2: Ball 2-2: Foul Ball, location: 2F 2-2: Foul Ball, location: 2F 2-2: Foul Ball, location: 2F 2-2: Foul Ball, location: 2F 2-2: Foul Ball, location: 2F 2-2: Strikes out swinging
|
Batting: RHB Robert Acosta
|
0-0: Called Strike 0-1: Ball 1-1: Called Strike 1-2: Ball 2-2: Fly out, F8 (Flyball, 8RM)
|
Top of the 1st over - 3 run(s), 2 hit(s), 0 error(s), 0 left on base; Casper 3 - San Diego 0 |
BOTTOM OF THE 1ST |
San Diego Smashers batting - Pitching for Casper Ghosts : RHP Ray Adams
|
Pitching: RHP Ray Adams
|
|
Batting: LHB Michael Myers
|
0-0: Ball 1-0: Ground out 4-3 (Groundball, 4)
|
Batting: RHB Gerald Davis
|
0-0: Ball 1-0: Ball 2-0: Ground out 5-3 (Groundball, 5L)
|
Batting: LHB Gonzalo Benítez
|
0-0: Reached on error, E3 (Groundball, 3L)
|
Batting: RHB John Nelson
|
0-0: Ball Gonzalo Benítez is caught stealing 2nd base
|
Bottom of the 1st over - 0 run(s), 0 hit(s), 1 error(s), 0 left on base; Casper 3 - San Diego 0 |
TOP OF THE 2ND |
Casper Ghosts batting - Pitching for San Diego Smashers : LHP Nesto Pérez
|
Batting: RHB Mark Arnold
|
0-0: Ball 1-0: Ball 2-0: Called Strike 2-1: Called Strike 2-2: Strikes out swinging
|
Batting: RHB Aurelio Cruz
|
0-0: Ball 1-0: Ball 2-0: Ball 3-0: Called Strike 3-1: Swinging Strike 3-2: SINGLE (Groundball, 6S) (infield hit)
|
Batting: LHB Ralph Cobb
|
0-0: Ball 1-0: Hit by Pitch Aurelio Cruz to second
|
Batting: RHB James Jenkins
|
0-0: Called Strike Aurelio Cruz steals 3rd base Ralph Cobb to second 0-1: Swinging Strike 0-2: Strikes out swinging
|
Batting: RHB Júlio Sánchez
|
0-0: Ball 1-0: Ball 2-0: Foul Ball, location: 2F 2-1: Ground out 5-3 (Groundball, 56)
|
Top of the 2nd over - 0 run(s), 1 hit(s), 0 error(s), 2 left on base; Casper 3 - San Diego 0 |
BOTTOM OF THE 2ND |
San Diego Smashers batting - Pitching for Casper Ghosts : RHP Ray Adams
|
Batting: RHB John Nelson
|
0-0: Ball 1-0: Ball 2-0: Ball 3-0: Base on Balls
|
Batting: RHB Javier González
|
0-0: Ball 1-0: Called Strike 1-1: Ball 2-1: Ball 3-1: Called Strike Balk! John Nelson to second 3-2: Base on Balls
|
Batting: LHB Richard Brooks
|
0-0: Called Strike 0-1: Foul Ball, location: 2F 0-2: Strikes out swinging
|
Batting: RHB Ray Rogers
|
0-0: Grounds into double play, 6-4-3 (Groundball, 6)
|
Bottom of the 2nd over - 0 run(s), 0 hit(s), 0 error(s), 1 left on base; Casper 3 - San Diego 0 |
TOP OF THE 3RD |
Casper Ghosts batting - Pitching for San Diego Smashers : LHP Nesto Pérez
|
Batting: SHB Dave Henley
|
0-0: Ball 1-0: Called Strike 1-1: Ground out 3-1 (Groundball, 34)
|
Batting: RHB Juan García
|
0-0: Ball 1-0: Ball 2-0: Called Strike 2-1: Swinging Strike 2-2: SINGLE (Groundball, 4MD)
|
Batting: SHB José González
|
0-0: Ball 1-0: Ball 2-0: Ball 3-0: Called Strike 3-1: Foul Ball, location: 2F 3-2: Foul Ball, location: 2F 3-2: Foul Ball, location: 2F 3-2: Foul Ball, location: 2F 3-2: Ground out 4-3 (Groundball, 4S) Juan García to second
|
Batting: RHB Robert Acosta
|
0-0: Ground out 6-3 (Groundball, 6M)
|
Top of the 3rd over - 0 run(s), 1 hit(s), 0 error(s), 1 left on base; Casper 3 - San Diego 0 |
BOTTOM OF THE 3RD |
San Diego Smashers batting - Pitching for Casper Ghosts : RHP Ray Adams
|
Batting: RHB Gustavo Torres
|
0-0: Ball 1-0: Ball 2-0: Called Strike 2-1: Swinging Strike 2-2: Ball 3-2: Base on Balls
|
Batting: RHB Dave King
|
0-0: Ball 1-0: Called Strike Gustavo Torres steals 2nd base 1-1: Swinging Strike 1-2: Ball 2-2: Ball 3-2: Strikes out looking
|
Batting: LHB Michael Myers
|
0-0: Called Strike 0-1: Ball 1-1: Foul Ball, location: 2F 1-2: Ball 2-2: Ball 3-2: Foul Ball, location: 2F 3-2: Foul Ball, location: 2F 3-2: Base on Balls
|
Batting: RHB Gerald Davis
|
0-0: Ball 1-0: Ball 2-0: Called Strike 2-1: SINGLE (Groundball, 34) (infield hit) Gustavo Torres to third Michael Myers to second
|
Batting: LHB Gonzalo Benítez
|
0-0: SINGLE (Groundball, 4MD) Gustavo Torres scores Michael Myers to third Gerald Davis to second Runner from 3rd tries for Home, SAFE, no throw
|
Batting: RHB John Nelson
|
0-0: Called Strike 0-1: SINGLE (Groundball, 34D) Gerald Davis to third Gonzalo Benítez to second Runner from 3rd tries for Home, SAFE, throw made home Gonzalo Benítez to third John Nelson to second
|
Batting: RHB Javier González
|
0-0: Foul Ball, location: 2F 0-1: SINGLE (Groundball, 4MD) Gonzalo Benítez scores John Nelson to third Runner from 3rd tries for Home, SAFE, no throw
|
Batting: LHB Richard Brooks
|
0-0: Ball 1-0: Called Strike 1-1: Foul Ball, location: 2F 1-2: Foul Ball, location: 2F 1-2: Strikes out swinging
|
Batting: RHB Ray Rogers
|
0-0: Ball 1-0: Called Strike 1-1: Foul Ball, location: 2F 1-2: Strikes out swinging
|
Bottom of the 3rd over - 5 run(s), 4 hit(s), 0 error(s), 1 left on base; Casper 3 - San Diego 5 |
TOP OF THE 4TH |
Casper Ghosts batting - Pitching for San Diego Smashers : LHP Nesto Pérez
|
Batting: RHB Mark Arnold
|
0-0: Foul Ball, location: 2F 0-1: Called Strike 0-2: SINGLE (Groundball, 4D)
|
Batting: RHB Aurelio Cruz
|
0-0: Ball 1-0: Ball 2-0: SINGLE (Line Drive, 89S) Mark Arnold to second
|
Batting: LHB Ralph Cobb
|
0-0: Grounds into double play, 5-4-3 (Groundball, 56) Mark Arnold to third
|
Batting: RHB James Jenkins
|
0-0: Called Strike 0-1: Swinging Strike 0-2: Ball 1-2: Ball 2-2: Strikes out swinging
|
Top of the 4th over - 0 run(s), 2 hit(s), 0 error(s), 1 left on base; Casper 3 - San Diego 5 |
BOTTOM OF THE 4TH |
San Diego Smashers batting - Pitching for Casper Ghosts : RHP Ray Adams
|
Batting: RHB Gustavo Torres
|
0-0: Called Strike 0-1: Swinging Strike 0-2: Strikes out swinging
|
Batting: RHB Dave King
|
0-0: Ground out 5-3 (Groundball, 5)
|
Batting: LHB Michael Myers
|
0-0: Called Strike 0-1: Ball 1-1: Ball 2-1: Swinging Strike 2-2: Ball 3-2: Base on Balls
|
Batting: RHB Gerald Davis
|
0-0: Ball 1-0: Ball 2-0: SINGLE (Flyball, 8LS) Michael Myers to second Runner from 2nd tries for 3rd, SAFE, no throw
|
Pitching: RHP Vaughn Stanley
|
|
Pinch Runner at 3rd Michael Aisher:
|
|
Batting: LHB Gonzalo Benítez
|
0-0: Fly out, F5 (Popup, 5L)
|
Bottom of the 4th over - 0 run(s), 1 hit(s), 0 error(s), 2 left on base; Casper 3 - San Diego 5 |
TOP OF THE 5TH |
Casper Ghosts batting - Pitching for San Diego Smashers : LHP Nesto Pérez
|
Now at 2B: Michael Aisher
|
|
Batting: RHB Júlio Sánchez
|
0-0: Called Strike 0-1: Foul Ball, location: 2F 0-2: Strikes out looking
|
Batting: SHB Dave Henley
|
0-0: Called Strike 0-1: Foul Ball, location: 2F 0-2: Foul Ball, location: 2F 0-2: Ball 1-2: Ball 2-2: SINGLE (Line Drive, 8LS)
|
Batting: RHB Juan García
|
0-0: Called Strike 0-1: Swinging Strike 0-2: Ball 1-2: Ball 2-2: Strikes out looking
|
Batting: SHB José González
|
0-0: Ball 1-0: Ball 2-0: Called Strike 2-1: Called Strike 2-2: SINGLE (Line Drive, 3) Dave Henley to second
|
Pitching: LHP Jorge Mora
|
|
Batting: RHB Robert Acosta
|
0-0: Ground out 5-3 (Groundball, 56S)
|
Top of the 5th over - 0 run(s), 2 hit(s), 0 error(s), 2 left on base; Casper 3 - San Diego 5 |
BOTTOM OF THE 5TH |
San Diego Smashers batting - Pitching for Casper Ghosts : RHP Vaughn Stanley
|
Batting: RHB John Nelson
|
0-0: Ball 1-0: Fly out, F9 (Line Drive, 89M)
|
Batting: RHB Javier González
|
0-0: Fly out, F7 (Line Drive, 7D)
|
Batting: LHB Richard Brooks
|
0-0: Called Strike 0-1: Foul Ball, location: 2F 0-2: Foul Ball, location: 2F 0-2: Ball 1-2: Foul Ball, location: 2F 1-2: Fly out, F8 (Flyball, 89D)
|
Bottom of the 5th over - 0 run(s), 0 hit(s), 0 error(s), 0 left on base; Casper 3 - San Diego 5 |
TOP OF THE 6TH |
Casper Ghosts batting - Pitching for San Diego Smashers : LHP Jorge Mora
|
Batting: RHB Mark Arnold
|
0-0: Swinging Strike 0-1: Swinging Strike 0-2: Strikes out swinging
|
Batting: RHB Aurelio Cruz
|
0-0: Ball 1-0: Ball 2-0: Called Strike 2-1: Fly out, F6 (Line Drive, 6)
|
Batting: LHB Ralph Cobb
|
0-0: Ball 1-0: Ball 2-0: Ball 3-0: Base on Balls
|
Batting: RHB James Jenkins
|
0-0: Called Strike 0-1: Ball 1-1: Ball 2-1: Foul Ball, location: 2F 2-2: DOUBLE (Line Drive, 78XD) Ralph Cobb to third Runner from 3rd tries for Home, throw and OUT!
|
Top of the 6th over - 0 run(s), 1 hit(s), 0 error(s), 1 left on base; Casper 3 - San Diego 5 |
BOTTOM OF THE 6TH |
San Diego Smashers batting - Pitching for Casper Ghosts : RHP Vaughn Stanley
|
Batting: RHB Ray Rogers
|
0-0: Ball 1-0: Ball 2-0: Foul Ball, location: 2F 2-1: Ground out 6-3 (Groundball, 6)
|
Batting: RHB Gustavo Torres
|
0-0: Called Strike 0-1: Ball 1-1: Fly out, F5 (Popup, 5S)
|
Batting: RHB Dave King
|
0-0: Swinging Strike 0-1: Called Strike 0-2: Foul Ball, location: 2F 0-2: Strikes out swinging
|
Bottom of the 6th over - 0 run(s), 0 hit(s), 0 error(s), 0 left on base; Casper 3 - San Diego 5 |
TOP OF THE 7TH |
Casper Ghosts batting - Pitching for San Diego Smashers : LHP Jorge Mora
|
Batting: RHB Júlio Sánchez
|
0-0: Foul Ball, location: 2F 0-1: Ball 1-1: Ball 2-1: Fly out, F8 (Flyball, 8RXD)
|
Batting: SHB Dave Henley
|
0-0: Swinging Strike 0-1: Ball 1-1: Ball 2-1: Ground out 5-3 (Groundball, 5)
|
Batting: RHB Juan García
|
0-0: SINGLE (Groundball, 56D)
|
Batting: SHB José González
|
0-0: Ball 1-0: Fly out, F8 (Flyball, 8RM)
|
Top of the 7th over - 0 run(s), 1 hit(s), 0 error(s), 1 left on base; Casper 3 - San Diego 5 |
BOTTOM OF THE 7TH |
San Diego Smashers batting - Pitching for Casper Ghosts : RHP Vaughn Stanley
|
Batting: SHB Michael Aisher
|
0-0: Swinging Strike 0-1: SINGLE (Line Drive, 4D)
|
Batting: RHB Gerald Davis
|
0-0: Bunted foul 0-1: Bunted foul 0-2: Ball 1-2: Ball 2-2: Fly out, F8 (Flyball, 78M)
|
Pitching: LHP Luis Alemán
|
|
Batting: LHB Gonzalo Benítez
|
0-0: Ball Michael Aisher is caught stealing 2nd base 1-0: Ball 2-0: Called Strike 2-1: Called Strike 2-2: Ball 3-2: Base on Balls
|
Pitching: RHP Christian Adkins
|
|
Batting: RHB John Nelson
|
0-0: DOUBLE (Line Drive, 7LM) Gonzalo Benítez to third Gonzalo Benítez scores
|
Batting: RHB Javier González
|
0-0: Foul Ball, location: 2F 0-1: Called Strike 0-2: Ball 1-2: Strikes out swinging
|
Bottom of the 7th over - 1 run(s), 2 hit(s), 0 error(s), 1 left on base; Casper 3 - San Diego 6 |
TOP OF THE 8TH |
Casper Ghosts batting - Pitching for San Diego Smashers : LHP Jorge Mora
|
Batting: RHB Robert Acosta
|
0-0: Called Strike 0-1: Ball 1-1: Swinging Strike 1-2: Ball 2-2: Foul Ball, location: 2F 2-2: Ball 3-2: Ground out 6-3 (Groundball, 6S)
|
Batting: RHB Mark Arnold
|
0-0: Ball 1-0: Called Strike 1-1: Foul Ball, location: 2F 1-2: Foul Ball, location: 2F 1-2: Ball 2-2: SOLO HOME RUN (Line Drive, 78XD), Distance : 402 ft
|
Pitching: RHP Rick Hernández
|
|
Batting: RHB Aurelio Cruz
|
0-0: Foul Ball, location: 2F 0-1: Ball 1-1: Ground out 6-3 (Groundball, 6)
|
Batting: LHB Ralph Cobb
|
0-0: Called Strike 0-1: Ball 1-1: Foul Ball, location: 2F 1-2: Fly out, F7 (Flyball, 7LS)
|
Top of the 8th over - 1 run(s), 1 hit(s), 0 error(s), 0 left on base; Casper 4 - San Diego 6 |
BOTTOM OF THE 8TH |
San Diego Smashers batting - Pitching for Casper Ghosts : RHP Christian Adkins
|
Batting: LHB Richard Brooks
|
0-0: SOLO HOME RUN (Flyball, 8LD), Distance : 418 ft
|
Batting: RHB Ray Rogers
|
0-0: Called Strike 0-1: Swinging Strike 0-2: Ball 1-2: SINGLE (Line Drive, 89S)
|
Batting: RHB Gustavo Torres
|
0-0: Called Strike 0-1: Ball 1-1: Swinging Strike 1-2: Ball 2-2: Ball 3-2: Fly out, F4 (Line Drive, 4M)
|
Batting: RHB Dave King
|
0-0: Ball 1-0: SINGLE (Groundball, 34D) Ray Rogers to second Runner from 2nd tries for 3rd, SAFE, throw made to third
|
Batting: SHB Michael Aisher
|
0-0: Called Strike 0-1: SINGLE (Groundball, 56D) Ray Rogers scores Dave King to second
|
Pitching: LHP Pablo Solíz
|
|
Batting: RHB Gerald Davis
|
0-0: Called Strike 0-1: Ball 1-1: Swinging Strike 1-2: Strikes out swinging
|
Batting: LHB Gonzalo Benítez
|
0-0: Fielders Choice at 2nd, U4 (Groundball, 4M)
|
Bottom of the 8th over - 2 run(s), 4 hit(s), 0 error(s), 2 left on base; Casper 4 - San Diego 8 |
TOP OF THE 9TH |
Casper Ghosts batting - Pitching for San Diego Smashers : RHP Rick Hernández
|
Batting: RHB James Jenkins
|
0-0: Ground out 1-3 (Groundball, P)
|
Batting: RHB Júlio Sánchez
|
0-0: Called Strike 0-1: Ball 1-1: Foul Ball, location: 2F 1-2: SINGLE (Flyball, 8LS)
|
Batting: SHB Dave Henley
|
0-0: Ball 1-0: Foul Ball, location: 2F 1-1: Fly out, F2 (Popup, 2L)
|
Batting: RHB Juan García
|
0-0: Ball 1-0: Ground out 5-3 (Groundball, 56S)
|
Top of the 9th over - 0 run(s), 1 hit(s), 0 error(s), 1 left on base; Casper 4 - San Diego 8 |
|